 Dungeon Crawl Stone Soup version 0.32-a0-306-gfed3edf829 (webtiles) character file.

Game seed: 11779939623188621754

294 HC7 the Ducker (level 6, -7/57 HPs)
             Began as a Troll Warper on Feb 14, 2024.
             Mangled by a gnoll sergeant
             ... wielding a +0 spear
              (11 damage)
             ... on level 3 of the Dungeon.
             The game lasted 00:07:08 (1286 turns).

HC7 the Ducker (Troll Warper)                       Turns: 1286, Time: 00:07:10

Health: -7/57      AC:  4    Str: 20    XL:     6   Next: 11%
Magic:  7/7        EV: 10    Int:  9    God:
Gold:   77         SH:  5    Dex: 11    Spells: 7/7 levels left

rFire   . . .        l - +2 war axe (venom)
rCold   . . .        (no shield)
rNeg    + . .        b - +0 robe
rPois   .            (helmet restricted)
rElec   .            (no cloak)
rCorr   .            (gloves unavailable)
SInv    .            (boots unavailable)
Will    .....        e - amulet of reflection
Stlth   ++           n - ring of positive energy
HPRegen 1.09/turn    (no ring)
MPRegen 0.10/turn

%: reflection
@: lethally poisoned (-7 -> -14)
A: large, unfitting armour, claws 3, regeneration 1, shaggy fur 1, tough skin 1
a: no special abilities


You were on level 3 of the Dungeon.
You visited 1 branch of the dungeon, and saw 4 of its levels.

You collected 77 gold pieces.

Inventory:

Hand Weapons
 a - a +0 spear
 l - a +2 war axe of venom (weapon)
Missiles
 d - 7 darts of dispersal (quivered)
Armour
 b - a +0 robe (worn)
Jewellery
 e - an amulet of reflection (around neck)
 n - a ring of positive energy (left claw)
 o - a ring of positive energy
Scrolls
 c - a scroll of blinking
 h - a scroll of noise
 k - 2 scrolls of identify
Potions
 f - a potion of lignification
 g - a potion of attraction {unknown}
 i - a potion of might
 j - a potion of haste {unknown}
 m - a potion of enlightenment {unknown}


   Skills:
 + Level 2.2 Fighting
 + Level 2.0(2.3) Axes
 + Level 1.7(2.2) Polearms
 + Level 0.8 Throwing
 + Level 3.0 Dodging
 * Level 1.2 Stealth
 + Level 1.0 Shields
 + Level 2.0 Unarmed Combat
 + Level 1.3 Spellcasting
 + Level 2.4 Translocations


You had 7 spell levels left.
You didn't know any spells.
Your spell library contained the following spells:

 Spells                   Type           Power      Damage    Failure   Level
 Apportation              Tloc           10%        N/A       13%         1
 Blink                    Tloc           10%        N/A       19%         2
 Lesser Beckoning         Tloc           10%        N/A       19%         2
 Necrotise                Necr           0%         1d4       34%         1
 Sting                    Conj/Alch      0%         1d3       34%         1
 Summon Small Mammal      Summ           0%         N/A       34%         1
 Teleport Other           Tloc           5%         N/A       36%         3
 Manifold Assault         Tloc           5%         N/A       77%         4
 Vhi's Electric Charge    Tloc/Air       4%         N/A       91%         4


Dungeon Overview and Level Annotations

Branches:
Dungeon (4/15)
 Temple: D:4-7

Altars:


Innate Abilities, Weirdness & Mutations

You are too large for most types of armour.
You have claws for hands.
Your natural rate of healing is unusually fast.
You are covered in fur. (AC +1)
You have tough skin. (AC +1)


Message History

You see here a +0 war axe.
The gnoll hits you with a +0 spear!
A gnoll comes into view. It is wielding a +2 whip of venom.
There is an open door, spattered with blood here.
Items here: ))) †.
You closely miss the gnoll. The gnoll barely misses you.
You barely miss the gnoll. The gnoll hits you with a +0 spear.
You closely miss the gnoll. You block the gnoll's attack.
The gnoll hits you with a +0 spear.
* * * LOW HITPOINT WARNING * * *
You closely miss the gnoll.
The gnoll shouts!
You hear a shout!
The gnoll barely misses you.
The gnoll sergeant hits you from afar with a +0 spear.
* * * LOW HITPOINT WARNING * * *
You slash the gnoll!
The gnoll is heavily wounded.
You block the gnoll's attack. The gnoll sergeant misses you.
The gnoll sergeant hits you from afar with a +0 spear!
* * * LOW HITPOINT WARNING * * *
The gnoll barely misses you.
You hit the gnoll but do no damage.
The gnoll is poisoned.
The gnoll is heavily wounded.
You block the gnoll's attack. The gnoll sergeant barely misses you.
You slash the gnoll!
You kill the gnoll!
You block the gnoll sergeant's attack.
Your Shields skill increases to level 1!
The gnoll attacks as it pursues you!
The gnoll hits you with a +2 whip of venom.
* * * LOW HITPOINT WARNING * * *
You are poisoned.
You see here a +0 war axe.
You closely miss the gnoll.
You feel sick. The gnoll sergeant closely misses you.
The gnoll hits you with a +2 whip of venom!
* * * LOW HITPOINT WARNING * * *
You are lethally poisoned!
The gnoll sergeant hits you from afar with a +0 spear!
You die...

#)..# #)### ##### #.#
...... #.#
......######.#
......'....'.#
......'.g()'.#
##++###########g##)#
##....#######..#@)#.#
.'....'.....'..'..#.#
##....#######..#..#)###
##''''##### #######...#
........... #...#
~~....≈~~≈≈ #####
≈~....~~≈≈≈ ≈≈≈≈
~~....~~~≈≈ ≈~~~~~~
...†....... ..........


You could see a gnoll sergeant and a gnoll.

Vanquished Creatures
  A hound (D:3)
  11 gnolls (D:3)
  A dart slug (D:2)
  3 ribbon worms
  15 orcs (D:3)
  7 ball pythons
  3 endoplasms
  A giant cockroach (D:2)
  5 goblins (D:1)
  3 hobgoblins
  11 jackals
  3 quokkas
  4 bats
  4 frilled lizards
  4 kobolds (D:1)
  4 rats
80 creatures vanquished.

Notes
Turn   | Place    | Note
-------+----------+-------------------------------------------
     0 | D:1      | HC7 the Troll Warper began the quest for the Orb.
     0 | D:1      | Reached XP level 1. HP: 19/19 MP: 1/1
    66 | D:1      | Reached skill level 2 in Dodging
    66 | D:1      | Reached XP level 2. HP: 28/28 MP: 3/3
   241 | D:1      | Reached XP level 3. HP: 34/35 MP: 4/4
   454 | D:1      | Reached skill level 1 in Unarmed Combat
   803 | D:2      | Reached XP level 4. HP: 33/42 MP: 5/5
   860 | D:2      | Identified the +0 ring mail of Lagocutwy {rF- rC++}
   967 | D:2      | You fall into a shaft and drop 2 floors!
  1104 | D:3      | Reached skill level 1 in Axes
  1104 | D:3      | Reached XP level 5. HP: 46/49 MP: 6/6
  1172 | D:3      | Reached skill level 1 in Stealth
  1268 | D:3      | Reached XP level 6. HP: 40/57 MP: 7/7
  1274 | D:3      | Reached skill level 3 in Dodging
  1285 | D:3      | Reached skill level 1 in Shields
  1286 | D:3      | Mangled by a gnoll sergeant

Illustrated notes

Levels and vault maps discovered:
D:1:      minmay_arrival_five_plusses, layout_loops_ring
D:2:      layout_basic, minivault_23
D:3:      lemuel_castle_with_subvaults [lemuel_castle_interior_original],
          layout_basic, grunt_temple_overflow_growth_and_decay, uniq_grinder,
          uniq_crazy_yiuf_cottage
D:4:      layout_gridville, grunt_dithmenos_smoke_and_mirrors,
          serial_park_tiny_1

Skill      XL: |  1  2  3  4  5  6 |
---------------+-------------------+-----
Dodging        | 2 3 |  3.0
Unarmed Combat | 1 2 |  2.0
Fighting       | 2 |  2.2
Axes           | 1 2 |  2.0
Stealth        | 1 |  1.2
Shields        | 1 |  1.0
Polearms       | |  1.7
Throwing       | |  0.8
Spellcasting   | |  1.3
Translocations | |  2.4

Action                     |  1- 3 |  4- 6 || total
---------------------------+-------+-------++-------
  Melee: Unarmed           |   123 |       ||   123
         Spear             |     6 |       ||     6
         War axe           |       |   116 ||   116
    Use: Scroll            |     3 |       ||     3
         Potion            |     1 |       ||     1
   Stab: Sleeping          |       |     3 ||     3
 Armour: Robe              |    71 |   110 ||   181
  Dodge: Dodged            |    61 |    73 ||   134
  Block: Other             |    20 |    34 ||    54

Table legend: (Time is in decaauts)
 A = Elapsed time spent in this place.
 B = Non-inter-level travel time spent in this place.
 C = Inter-level travel time spent in this place.
 D = Time resting spent in this place.
 E = Time spent auto-exploring this place.
 F = Levels seen in this place.
 G = Mean time per level.
                   A        B        C        D        E       F      G
               +--------+--------+--------+--------+--------+-----+--------+
         Total |   1330 |   1321 |      9 |      0 |    523 |   4 |  332.5 |
       Dungeon |   1330 |   1321 |      9 |      0 |    523 |   4 |  332.5 |
               +--------+--------+--------+--------+--------+-----+--------+

Top non-repeatable levels by time:
     D:1: 755 daAuts
     D:3: 313 daAuts
     D:2: 217 daAuts
     D:4: 44 daAuts
